 Dungeon Crawl Stone Soup version 0.30-a0-879-ga8ba668304 (webtiles) character file.

Game seed: 12104952942269879428

34 Parcival the Conjurer (level 3, 0/24 HPs)
             Began as a Human Conjurer on Mar 13, 2023.
             Slain by a hobgoblin (2 damage)
             ... led by Robin
             ... on level 2 of the Dungeon.
             The game lasted 00:03:05 (1140 turns).

Parcival the Conjurer (Human Conjurer)              Turns: 1140, Time: 00:03:05

Health: 0/24       AC:  2    Str:  7    XL:     3   Next: 50%
Magic:  1/6        EV: 12    Int: 20    God:
Gold:   79         SH:  0    Dex: 11    Spells: 6/7 levels left

rFire   . . .      SeeInvis .    j - +2 dagger (freeze)
rCold   . . .      Faith    .    (no shield)
rNeg    . . .      Spirit   .    a - +0 robe
rPois   .          Reflect  .    (no helmet)
rElec   .          Rampage  .    (no cloak)
rCorr   .                        (no gloves)
Will    .....                    (no boots)
Stlth   ++                       (no amulet)
HPRegen 0.24/turn                (no ring)
MPRegen 0.10/turn                (no ring)

@: no status effects
A: no striking features
a: no special abilities


You were on level 2 of the Dungeon.
You visited 1 branch of the dungeon, and saw 2 of its levels.

You collected 79 gold pieces.

Inventory:

Hand Weapons
 f - a +0 dagger
 j - a +2 dagger of freezing (weapon)
Armour
 a - a +0 robe (worn)
Potions
 e - a potion of attraction
 h - a potion of berserk rage {unknown}
 i - a potion of might {unknown}


   Skills:
 + Level 0.1 Short Blades
 + Level 2.1 Dodging
 + Level 2.2 Stealth
 + Level 2.5 Spellcasting
 + Level 4.5 Conjurations


You had 6 spell levels left.
You knew the following spells:

 Your Spells              Type           Power      Damage    Failure   Level
a - Magic Dart            Conj           80%        1d7       2%          1

Your spell library contained the following spells:

 Spells                   Type           Power      Damage    Failure   Level
 Searing Ray              Conj           40%        2d5       3%          2
 Dazzling Flash           Conj/Hex       22%        N/A       19%         3
 Fulminant Prism          Conj/Hex       5%         3d6       52%         4
 Iskenderun's Mystic Bla  Conj/Tloc      11%        2d4       52%         4


Dungeon Overview and Level Annotations

Branches:
Dungeon (2/15)

Altars:

Annotations:
D:2 Robin


Message History

Aiming: Magic Dart (safe; 2% risk of failure)
Press: ? - help, Shift-Dir - straight line, f/p - hobgoblin
Aim: a hobgoblin (severely wounded, 100% to hit)
The magic dart hits the hobgoblin.
You kill the hobgoblin!
A goblin comes into view. It is wielding a +0 dagger.
A goblin comes into view. It is wielding a +0 club.
Casting: Magic Dart (safe; 2% risk of failure)
Confirm with . or Enter, or press ? or * to list all spells.
You don't have enough magic to cast this spell.
The goblin shouts!
A goblin comes into view. It is wielding a +0 club.
The goblin hits you with a +0 club.
A goblin comes into view. It is wielding a +0 dagger.
Robin says, "My army is invincible!"
Casting: Magic Dart (safe; 2% risk of failure)
Confirm with . or Enter, or press ? or * to list all spells.
You don't have enough magic to cast this spell.
Okay, then.
You aren't carrying any scrolls.
You barely miss the goblin. The goblin hits you with a +0 club.
Robin throws the goblin at you!
You closely miss the goblin. The goblin hits you with a +3 dagger.
Robin throws the goblin at you!
You closely miss the goblin. The goblin hits you with a +3 dagger.
The goblin hits you with a +0 club.
You closely miss the goblin. The goblin hits you with a +3 dagger.
The hobgoblin closely misses you. The goblin barely misses you.
You closely miss the goblin. The goblin hits you with a +3 dagger.
The hobgoblin closely misses you. The goblin hits you but does no damage.
Robin says, "A pitiful Human like you will never find the ORB!"
The goblin hits you with a +3 dagger.
* * * LOW HITPOINT WARNING * * *
The goblin closely misses you.
Found 9 gold pieces and a short sword.
The goblin hits you with a +3 dagger.
* * * LOW HITPOINT WARNING * * *
Robin roars a battlecry!
The goblins go into a battle-frenzy!
The hobgoblin attacks as you move away! The hobgoblin hits you.
You die...

)... ...## $
######...# ...
.......... ....
.....g.g.####....
.......#g....#(..
....)gg#.......#. ##
#gg@....... #)
#.g.......# #.
#.........# #####.
###.........#
#.....##............
#........#.........#
...#####.......###.##
#. ##...####..# ..
..#..###..#.##...†#


You could see Robin, a hobgoblin (strong) and 5 goblins.

Vanquished Creatures
  A dart slug (D:1)
  A ball python (D:2)
  2 bats
  2 endoplasms (D:1)
  5 giant cockroaches
  6 goblins
  4 hobgoblins
  2 frilled lizards (D:1)
  3 kobolds (D:1)
  3 rats (D:1)
29 creatures vanquished.

Notes
Turn   | Place    | Note
-------+----------+-------------------------------------------
     0 | D:1      | Parcival the Human Conjurer began the quest for the Orb.
     0 | D:1      | Reached XP level 1. HP: 13/13 MP: 3/3
    11 | D:1      | Found a faded altar of an unknown god.
   312 | D:1      | Reached XP level 2. HP: 12/19 MP: 1/5
   832 | D:1      | Reached XP level 3. HP: 24/24 MP: 3/6
  1126 | D:2      | Noticed Robin
  1140 | D:2      | Slain by a hobgoblin

Illustrated notes

Levels and vault maps discovered:
D:1:      dpeg_arrival_tiny_a, layout_loops_ring, basic_ecumenical_altar
D:2:      layout_rooms, serial_shops, nicolae_shop_trees, uniq_robin

Action                     || total
---------------------------++-------
  Melee: Unarmed           ||    11
         Dagger            ||    14
   Cast: Magic Dart        ||    57
    Use: Potion            ||     1
         Scroll            ||     4
 Armour: Robe              ||     9
  Dodge: Dodged            ||    30

Table legend: (Time is in decaauts)
 A = Elapsed time spent in this place.
 B = Non-inter-level travel time spent in this place.
 C = Inter-level travel time spent in this place.
 D = Time resting spent in this place.
 E = Time spent auto-exploring this place.
 F = Levels seen in this place.
 G = Mean time per level.
                   A        B        C        D        E       F      G
               +--------+--------+--------+--------+--------+-----+--------+
         Total |   1138 |   1124 |     14 |     40 |    929 |   2 |  569.0 |
       Dungeon |   1138 |   1124 |     14 |     40 |    929 |   2 |  569.0 |
               +--------+--------+--------+--------+--------+-----+--------+

Top non-repeatable levels by time:
     D:1: 1005 daAuts
     D:2: 133 daAuts
